 Dungeon Crawl Stone Soup version 0.20.1-1-g8b1a95d (webtiles) character file.

165034 Lanoc the Fencer (level 17, -1/157 HPs)
             Began as a Minotaur Berserker on Dec 15, 2017.
             Was the Champion of Trog.
             Shot with a bolt by a naga sharpshooter (10 damage)
             ... on level 4 of the Snake Pit.
             The game lasted 02:23:25 (26009 turns).

Lanoc the Fencer (Minotaur Berserker)              Turns: 26009, Time: 02:23:26

Health: -1/157     AC: 43    Str: 24    XL:     17   Next: 27%
Magic:  0/16       EV: 19    Int:  9    God:    Trog [******]
Gold:   3121       SH:  0    Dex: 24    Spells: 16/16 levels left

rFire    . . .     SeeInvis .   d - +3 triple sword (protect)
rCold    . . .     Gourm    .   (shield currently unavailable)
rNeg     . . .     Faith    .   N - +7 chain mail "Teogye" {rElec}
rPois    .         Spirit   +   (helmet restricted)
rElec    +         Reflect  .   s - +2 cloak {+Inv}
rCorr    .         Harm     .   q - +2 pair of gloves
MR       +....     Rnd*Rage +   Z - +2 pair of boots {Stlth+} Stlth +.........NoTele +
                                L - amulet of guardian spirit
Regen    0.8/turn               V - ring "Nogh" {-Tele +Inv Int+5 Dex+9 Stlth+}
MPRegen  0.2/turn               h - +5 ring of protection

@: lethally poisoned (-1 -> -34), protection aura, berserk cooldown, slowed,
constricted, very slow
A: retaliatory headbutt, hooves 1, horns 2, repulsion field 1, berserk 2,
mutation resistance 1, regeneration 1, wild magic 1, MP-powered wands
a: Berserk, Trog's Hand, Brothers in Arms, Burn Spellbooks, Renounce Religion,
Evoke Invisibility


You were on level 4 of the Snake Pit.
You worshipped Trog.
Trog was exalted by your worship.
You were not hungry.

You visited 5 branches of the dungeon, and saw 28 of its levels.
You also visited: Ossuary.

You collected 3528 gold pieces.
You spent 407 gold pieces at shops.

Inventory:

Hand Weapons
 d - a +3 triple sword of protection (weapon)
 m - a +3 long sword of freezing
 t - a +2 long sword of holy wrath
 F - a +3 scimitar of venom
 O - a +7 fustibalus of flaming
 P - a +0 scimitar of flaming
Missiles
 n - 245 sling bullets
Armour
 q - a +2 pair of gloves (worn)
 s - a +2 cloak of invisibility (worn)
 N - the +7 chain mail "Teogye" (worn) {rElec}
   (You found it on level 6 of the Lair of Beasts)

   It insulates you from electricity.
 Z - a +2 pair of boots of stealth (worn)
Jewellery
 g - an uncursed amulet of the gourmand
 h - a +5 ring of protection (right hand)
 G - a +5 ring of evasion
 L - an amulet of guardian spirit (around neck)
 M - an uncursed ring of positive energy
 T - an uncursed ring of resist corrosion
 V - the ring "Nogh" (left hand) {-Tele +Inv Int+5 Dex+9 Stlth+}
   (You found it on level 6 of the Lair of Beasts)

   [ring of stealth]

   It affects your intelligence (+5).
   It affects your dexterity (+9).
   It lets you turn invisible.
   It prevents most forms of teleportation.
   It makes you more stealthy.
Wands
 u - a wand of disintegration (16/24)
 v - a wand of iceblast (8/15)
 x - a wand of confusion (11/48)
 y - a wand of scattershot (5/9)
 B - a wand of acid (0/15)
 C - a wand of scattershot (5/9)
 I - a wand of lightning (4/15)
 Q - a wand of digging (11/24)
Scrolls
 b - 6 scrolls of identify
 e - 9 scrolls of remove curse
 j - 3 scrolls of enchant armour
 w - 4 scrolls of fog
 D - 6 scrolls of magic mapping
 H - 8 scrolls of teleportation
 J - 5 scrolls of fear
 K - a scroll of blinking
 U - a scroll of silence
 W - 2 scrolls of recharging
Potions
 i - 2 potions of resistance
 k - a potion of brilliance
 o - 4 potions of cancellation
 p - 5 potions of flight
 r - 12 potions of curing
 z - a potion of agility
 A - 7 potions of heal wounds
 X - a potion of might
 Y - a potion of ambrosia
Miscellaneous
 a - a phial of floods
 E - a fan of gales
Comestibles
 c - 20 bread rations
 f - 18 royal jellies
 l - 6 meat rations
 R - 2 chunks of flesh


   Skills:
 + Level 15.7 Fighting
 + Level 20.2 Long Blades
 + Level 13.9 Slings
 + Level 15.2 Armour
 + Level 14.4 Dodging


You had 16 spell levels left.
You didn't know any spells.

Dungeon Overview and Level Annotations

Branches:
Dungeon (15/15)            Temple (1/1) D:4            Lair (6/6) D:11
 Shoals (0/4) Lair:2        Snake (4/4) Lair:4        Slime (0/5) Lair:5
    Orc (2/2) D:10            Elf (0/3) Orc:2        Vaults (0/5) D:14
 Depths (0/5) D:15

Altars:
Ashenzari
Cheibriados
Dithmenos
Elyvilon
Fedhas
Gozag
Hepliaklqana
Kikubaaqudgha
Makhleb
Nemelex Xobeh
Okawaru
Qazlal
Ru
Sif Muna
Trog
Uskayaw
Vehumet
Xom
Yredelemnul
Zin
The Shining One
Jiyva

Shops:
D:4 *   D:9 :   D:12 %   Orc:1 =   Orc:2 (!=?

Annotations:
Lair:2 exclusion: oklob plant


Innate Abilities, Weirdness & Mutations

You reflexively headbutt those who attack you in melee.
You have a pair of horns on your head.
You have large cloven feet.
You are surrounded by a mild repulsion field. (EV +2)
You often lose your temper in combat.
You are somewhat resistant to further mutation.
Your natural rate of healing is unusually fast.
Your spells are a little harder to cast, but a little more powerful.
You expend magic power (3 MP) to strengthen your wands.


Message History

The naga sharpshooter casts a spell.
The naga sharpshooter magically shoots an arrow.
The arrow hits you but does no damage.
You slash the naga warrior!
The naga warrior is heavily wounded.
You are no longer berserk.
You are exhausted.
You feel as though you will be slow longer.
* * * LOW HITPOINT WARNING * * *
You feel very sick. The nagaraja spits poison at you.
The splash of poison hits you!
You are more poisoned.
The naga hits you with a glaive.
* * * LOW HITPOINT WARNING * * *
The naga grabs you. The naga constricts you.
The naga sharpshooter mumbles some strange words.
The naga sharpshooter magically shoots a bolt.
The bolt hits you!
You die...

#.....)...##(NN# #...##....#
#..........##..§# #(..##...)##
#...........##.§.# #)N.##.....#
##...........##NS.##...##......#
.#............##N.(...##.......#
##.............##(S..##........#
##............###(§##.........#+
##............NNS§§.............
#.............N@N##.......<.....
##......####.).NNN.....###..###..
........# #..........##.####.##.
........####..........#....#...#.
.........##...........'.)......#.
......................#........#.
..................##).#.......##.
###################..)#..######..
# #.).####.....).


You could see 2 naga warriors, a nagaraja, 3 naga sharpshooters, an anaconda, a
guardian serpent and 2 nagas.

Vanquished Creatures
  Nikola (Snake:1)
  Asterion (Snake:2)
  4 nagarajas (Snake:4)
  A ghoul (D:13)
  The ghost of graki42 the Eclecticist, a journeyman DEFE of Vehumet (Snake:3)
  Azrael (D:13)
  A dire elephant (Lair:6)
  Snorg (Lair:4)
  A great orb of eyes (D:13)
  5 vault guards (D:14)
  2 ogre magi (Orc:2)
  A rakshasa (D:14)
  7 hydras
  8 naga warriors
  A catoblepas (Lair:6)
  3 centaur warriors
  A death knight (D:9)
  Erica (D:8)
  4 anacondas
  14 two-headed ogres
  3 death yaks (Lair:6)
  A two-headed ogre (shapeshifter) (D:13)
  16 naga sharpshooters
  8 shock serpents
  5 skeletal warriors (D:14)
  2 deep trolls (Orc:2)
  4 sea snakes (Snake:3)
  A deep elf archer (D:14)
  An unseen horror (D:13)
  3 naga ritualists
  A necromancer (D:15)
  4 wizards
  3 lindwurms (Lair:6)
  3 orc sorcerers
  A wolf spider zombie (D:13)
  2 deep elf magi
  11 mana vipers
  8 ugly things
  6 manticores
  22 elephants
  8 salamanders
  A centaur zombie (D:15)
  3 cyclopes
  Maurice (D:8)
  16 naga magi
  5 guardian serpents
  38 black mambas
  Psyche (D:8)
  3 gargoyles
  7 spiny frogs
  4 rime drakes
  3 centaur skeletons
  8 komodo dragons
  A redback zombie (D:15)
  3 meliai (Lair:4)
  A tengu conjurer (D:14)
  13 trolls
  A queen bee (Lair:4)
  A hornet (D:15)
  A raiju (shapeshifter) (D:15)
  6 blink frogs
  3 meliai zombies
  The ghost of Frank the Sneak, an amateur OpFi (D:4)
  Grinder (D:6)
  8 slime creatures (D:12)
  2 dream sheep (Lair:6)
  9 hippogriffs
  A centaur simulacrum (D:15)
  A shadow (D:14)
  5 wyverns
  28 yaks
  A hungry ghost (D:11)
  A vampire (D:13)
  A wraith (D:13)
  A basilisk (shapeshifter) (D:15)
  A human (D:14)
  5 basilisks
  2 fire elementals (D:13)
  9 vampire mosquitoes
  2 soldier ants
  39 nagas
  An acid dragon (D:13)
  A warg (Orc:2)
  Duvessa (D:4)
  22 water moccasins
  5 hell hounds (D:13)
  10 orc warriors
  5 porcupines
  2 phantoms
  A sky beast (D:5)
  4 ice beasts
  4 black bears
  An eye of draining (D:13)
  A necrophage (D:10)
  5 wolves (Lair:2)
  26 ogres
  9 centaurs
  7 crocodiles
  Blork the orc (D:4)
  A big kobold (shapeshifter) (D:13)
  5 big kobolds
  14 bullfrogs
  A gnoll sergeant (D:5)
  A wyvern zombie (D:11)
  10 scorpions
  A wyvern skeleton (D:14)
  Dowan (D:4)
  35 killer bees
  6 howler monkeys
  19 wights
  4 electric eels
  7 crimson imps
  2 quasits
  4 hounds
  4 bullfrog skeletons
  10 orc priests
  A gnoll shaman (D:4)
  19 orc wizards
  7 iguanas
  10 worker ants
  6 big kobold zombies (Ossuary)
  A hound zombie (D:8)
  2 mummies
  A howler monkey zombie (D:6)
  19 adders
  13 gnolls
  4 shadow imps
  2 oozes
  An adder skeleton (D:6)
  2 worms (D:2)
  A dart slug (D:2)
  10 leopard geckos
  57 orcs
  2 spectral bats (Ossuary)
  4 giant cockroaches
  6 gnoll zombies (Ossuary)
  7 goblins
  6 hobgoblins
  2 jackals (D:2)
  2 quokkas
  3 ball pythons
  7 bats
  3 bat simulacra (Ossuary)
  4 frilled lizards
  4 goblin simulacra (Ossuary)
  3 goblin zombies (Ossuary)
  8 hobgoblin zombies (Ossuary)
  13 kobolds
  2 kobold simulacra (Ossuary)
  3 kobold zombies (Ossuary)
  A leopard gecko skeleton (D:4)
  4 orc zombies (Ossuary)
  12 rats
  3 rat simulacra (Ossuary)
  6 spectral goblins (Ossuary)
  4 spectral kobolds (Ossuary)
  5 spectral rats (Ossuary)
  A fungus (Lair:6)
912 creatures vanquished.

Vanquished Creatures (collateral kills)
  An anaconda (Snake:2)
1 creature vanquished.

Vanquished Creatures (others)
  A nagaraja (Snake:4)
  An unseen horror (D:13)
  A fungus (Lair:6)
  9 plants
  A withered plant (D:13)
13 creatures vanquished.

Grand Total: 926 creatures vanquished

Notes
Turn   | Place    | Note
-------+----------+-------------------------------------------
     0 | D:1      | Lanoc the Minotaur Berserker began the quest for the Orb.
     0 | D:1      | Reached XP level 1. HP: 19/19 MP: 0/0
   176 | D:1      | Reached skill level 4 in Long Blades
   193 | D:1      | Reached XP level 2. HP: 26/27 MP: 1/1
   671 | D:1      | You fall through a shaft!
   700 | D:2      | Reached XP level 3. HP: 29/33 MP: 2/2
   790 | D:2      | Reached ** piety under Trog
  1107 | D:2      | Noticed a moth of wrath
  1110 | D:2      | Found a bloodstained altar of Trog.
  1120 | D:2      | Reached XP level 4. HP: 29/40 MP: 3/3
  1643 | D:3      | Reached skill level 1 in Slings
  2218 | D:4      | Found Gufoppigg's General Store.
  2236 | D:4      | Bought a potion of curing for 33 gold pieces
  2294 | D:4      | Reached XP level 5. HP: 47/47 MP: 4/4
  2313 | D:4      | Reached skill level 5 in Long Blades
  2580 | D:4      | Noticed an ogre
  2586 | D:4      | Killed an ogre
  2586 | D:4      | Reached XP level 6. HP: 42/55 MP: 5/5
  2649 | D:4      | Noticed Frank's ghost (amateur OpFi)
  2907 | D:4      | Noticed Blork the orc
  2917 | D:4      | Reached skill level 5 in Fighting
  2921 | D:4      | Reached *** piety under Trog
  2928 | D:4      | Killed Blork the orc
  2928 | D:4      | Reached skill level 6 in Long Blades
  3176 | D:4      | Killed Frank's ghost
  3176 | D:4      | Reached XP level 7. HP: 61/61 MP: 6/6
  3204 | D:4      | Noticed Dowan
  3230 | D:4      | Reached skill level 7 in Long Blades
  3646 | D:4      | Found a staircase to the Ecumenical Temple.
  3648 | D:4      | Noticed Duvessa
  3656 | D:4      | Killed Dowan
  3661 | D:4      | Killed Duvessa
  3661 | D:4      | Reached skill level 5 in Armour
  3661 | D:4      | Reached XP level 8. HP: 55/70 MP: 7/7
  3883 | D:4      | Received a gift from Trog
  3916 | Temple   | Entered the Ecumenical Temple
  4048 | D:5      | Entered Level 5 of the Dungeon
  4092 | D:5      | Reached skill level 5 in Dodging
  4131 | D:5      | Found a sand-covered staircase.
  4134 | Ossuary  | Entered an ossuary
  4440 | Ossuary  | Reached **** piety under Trog
  4541 | Ossuary  | Reached skill level 8 in Long Blades
  4740 | D:5      | Reached ***** piety under Trog
  5337 | D:5      | Found a glowing silver altar of Zin.
  5674 | D:6      | Found a deep blue altar of Sif Muna.
  5690 | D:6      | Received a gift from Trog
  5990 | D:6      | Reached XP level 9. HP: 76/78 MP: 8/8
  6063 | D:6      | Reached skill level 5 in Slings
  6123 | D:6      | Reached skill level 9 in Long Blades
  6536 | D:6      | Noticed Grinder
  6546 | D:6      | Killed Grinder
  6779 | D:7      | Found a snail-covered altar of Cheibriados.
  6859 | D:7      | Received a gift from Trog
  6989 | D:7      | Found a shattered altar of Ashenzari.
  7089 | D:7      | Got an ancient quarterstaff {crush}
  7096 | D:7      | Identified the +7 quarterstaff "Beastslayer" {crush, rPois rF- rN+ SInv} (You took it off an orc on level 7 of the Dungeon)
  7570 | D:8      | Noticed Maurice
  7584 | D:8      | Killed Maurice
  7584 | D:8      | Reached skill level 10 in Long Blades
  7604 | D:8      | Noticed Erica
  7615 | D:8      | Killed Erica
  7615 | D:8      | Reached XP level 10. HP: 90/90 MP: 9/9
  7651 | D:8      | Found a hazy altar of Hepliaklqana.
  7691 | D:8      | Found a stormy altar of Qazlal.
  7693 | D:8      | Noticed Psyche
  7710 | D:8      | Killed Psyche
  7710 | D:8      | Received a gift from Trog
  7710 | D:8      | Reached skill level 11 in Long Blades
  8108 | D:8      | Found a radiant altar of Vehumet.
  8109 | D:8      | Found a glowing golden altar of the Shining One.
  8109 | D:8      | Found a sacrificial altar of Ru.
  8335 | D:9      | Found an opulent altar of Gozag.
  8335 | D:9      | Found a snail-covered altar of Cheibriados.
  8408 | D:9      | Noticed a death knight
  8411 | D:9      | Noticed a two-headed ogre
  8457 | D:9      | Noticed a two-headed ogre
  8469 | D:9      | Killed a two-headed ogre
  8743 | D:9      | Killed a two-headed ogre
  8862 | D:9      | Reached skill level 12 in Long Blades
  8983 | D:9      | Noticed a two-headed ogre
  8990 | D:9      | Killed a two-headed ogre
  8990 | D:9      | Reached XP level 11. HP: 97/97 MP: 10/10
  8998 | D:9      | Found Xisayrph's Book Shop.
  9096 | D:9      | Noticed a two-headed ogre
  9102 | D:9      | Killed a two-headed ogre
  9180 | D:9      | Killed a death knight
  9311 | D:10     | Entered Level 10 of the Dungeon
  9330 | D:10     | Found a staircase to the Orcish Mines.
  9605 | D:10     | Found an iron altar of Okawaru.
  9629 | D:10     | Received a gift from Trog
  9776 | D:10     | Reached skill level 10 in Fighting
  9803 | D:10     | Noticed a two-headed ogre
  9810 | D:10     | Killed a two-headed ogre
 10160 | D:11     | Reached skill level 13 in Long Blades
 10262 | D:11     | Found a staircase to the Lair.
 10877 | D:12     | Found Yxagg's Food Emporium.
 11210 | D:12     | Found a snail-covered altar of Cheibriados.
 11242 | D:12     | Reached XP level 12. HP: 92/108 MP: 9/11
 11526 | D:12     | Noticed a centaur warrior
 11532 | D:12     | Killed a centaur warrior
 11829 | D:13     | Reached skill level 10 in Armour
 11852 | D:13     | Reached skill level 14 in Long Blades
 11894 | D:13     | Noticed a great orb of eyes
 11907 | D:13     | Killed a great orb of eyes
 11917 | D:13     | Noticed a centaur warrior
 11933 | D:13     | Noticed a centaur warrior
 12208 | D:13     | Received a gift from Trog
 12216 | D:13     | Gained mutation: Potions are less effective at restoring your health. [potion of mutation]
 12216 | D:13     | Gained mutation: Your flesh is cold resistant. (rC+) [potion of mutation]
 12233 | D:13     | Reached skill level 10 in Dodging
 12331 | D:13     | Noticed a two-headed ogre
 12340 | D:13     | Killed a two-headed ogre
 12360 | D:13     | Killed a centaur warrior
 12365 | D:13     | Killed a centaur warrior
 12484 | D:13     | Identified Sif Muna's Reference Book on Assistive Intoxication
 12486 | D:13     | Received a gift from Trog
 12606 | D:13     | Noticed Azrael
 12614 | D:13     | Noticed a ghoul
 12614 | D:13     | Reached skill level 15 in Long Blades
 12621 | D:13     | Killed Azrael
 12621 | D:13     | Reached XP level 13. HP: 116/116 MP: 12/12
 12626 | D:13     | Killed a ghoul
 13114 | D:14     | Reached skill level 10 in Slings
 13286 | D:14     | Found a sacrificial altar of Ru.
 13542 | D:14     | Paralysed by a wizard for 5 turns
 13552 | D:14     | Received a gift from Trog
 13716 | D:14     | Reached skill level 16 in Long Blades
 13783 | D:14     | Found a gate to the Vaults.
 13815 | D:14     | Identified a scroll of acquirement
 14019 | D:15     | Entered Level 15 of the Dungeon
 14406 | D:15     | Gained mutation: You expend magic power (3 MP) to strengthen your wands. [mutagenic meat]
 14407 | D:15     | Gained mutation: Scrolls take you a little longer to read. [mutagenic meat]
 14408 | D:15     | Gained mutation: Your spells are a little harder to cast, but a little more powerful. [mutagenic meat]
 14412 | D:15     | Gained mutation: You tend to lose your temper in combat. [mutagenic meat]
 14413 | D:15     | Gained mutation: You often lose your temper in combat. [mutagenic meat]
 14414 | D:15     | Gained mutation: You are surrounded by a mild repulsion field. (EV +2) [mutagenic meat]
 14415 | D:15     | Gained mutation: Your body sometimes deteriorates upon taking damage. [mutagenic meat]
 14457 | D:15     | Lost mutation: Scrolls take you a little longer to read. [mutagenic meat]
 14566 | D:15     | Reached XP level 14. HP: 123/127 MP: 13/13
 14869 | D:15     | Found a staircase to the Depths.
 15036 | Lair:1   | Entered Level 1 of the Lair of Beasts
 15303 | Lair:1   | Reached ****** piety under Trog
 15311 | Lair:1   | Received a gift from Trog
 15821 | Lair:2   | Found a staircase to the Shoals.
 15826 | Lair:2   | Reached skill level 17 in Long Blades
 17532 | Lair:4   | Noticed Snorg
 17551 | Lair:4   | Received a gift from Trog
 17553 | Lair:4   | Killed Snorg
 17802 | Lair:4   | Found a staircase to the Snake Pit.
 18426 | Lair:5   | Lost mutation: Potions are less effective at restoring your health. [potion of mutation]
 18426 | Lair:5   | Lost mutation: Your flesh is cold resistant. (rC+) [potion of mutation]
 18426 | Lair:5   | Lost mutation: Your body sometimes deteriorates upon taking damage. [potion of mutation]
 18426 | Lair:5   | Gained mutation: You have large cloven feet. [potion of mutation]
 18426 | Lair:5   | Gained mutation: Your natural rate of healing is unusually fast. [potion of mutation]
 18426 | Lair:5   | Gained mutation: You are somewhat resistant to further mutation. [potion of mutation]
 18550 | Lair:5   | Found a viscous altar of Jiyva.
 18551 | Lair:5   | Found a staircase to the Slime Pits.
 18955 | Lair:6   | Entered Level 6 of the Lair of Beasts
 18968 | Lair:6   | Got a bloodstained chain mail
 18979 | Lair:6   | Identified the +7 chain mail "Teogye" {rElec} (You found it on level 6 of the Lair of Beasts)
 19084 | Lair:6   | Reached skill level 18 in Long Blades
 19084 | Lair:6   | Reached XP level 15. HP: 70/136 MP: 10/14
 19577 | Lair:6   | Received a gift from Trog
 19826 | Lair:6   | Got a crude amber ring
 19828 | Lair:6   | Identified the ring "Nogh" {-Tele +Inv Int+5 Dex+9 Stlth+} (You found it on level 6 of the Lair of Beasts)
 20176 | Orc:1    | Entered Level 1 of the Orcish Mines
 20185 | Orc:1    | Received a gift from Trog
 20466 | Orc:1    | Found Imias's Jewellery Boutique.
 20738 | Orc:2    | Entered Level 2 of the Orcish Mines
 20746 | Orc:2    | Found a staircase to the Elven Halls.
 20819 | Orc:2    | Received a gift from Trog
 20942 | Orc:2    | Found Ofacvusa's Weapon Shoppe.
 20974 | Orc:2    | Found Pameten's Distillery.
 20985 | Orc:2    | Found Haenemih's Jewellery Emporium.
 21007 | Orc:2    | Found Vuoton's Magic Scroll Shoppe.
 21231 | Orc:2    | Bought a potion of heal wounds for 85 gold pieces
 21231 | Orc:2    | Bought a potion of heal wounds for 85 gold pieces
 21231 | Orc:2    | Bought a potion of might for 68 gold pieces
 21231 | Orc:2    | Bought a potion of ambrosia for 136 gold pieces
 21607 | Snake:1  | Entered Level 1 of the Snake Pit
 21628 | Snake:1  | Received a gift from Trog
 21848 | Snake:1  | Reached skill level 19 in Long Blades
 22088 | Snake:1  | Received a gift from Trog
 22140 | Snake:1  | Reached XP level 16. HP: 147/147 MP: 15/15
 22273 | Snake:1  | Noticed Nikola
 22315 | Snake:1  | Killed Nikola
 22693 | Snake:1  | Received a gift from Trog
 22811 | Snake:2  | Noticed Asterion
 22820 | Snake:2  | Killed Asterion
 23016 | Snake:2  | Reached skill level 15 in Fighting
 23846 | Snake:3  | Noticed graki42's ghost (journeyman DEFE)
 23857 | Snake:3  | Killed graki42's ghost
 24065 | Snake:3  | Received a gift from Trog
 24820 | Snake:4  | Entered Level 4 of the Snake Pit
 24971 | Snake:4  | Received a gift from Trog
 25070 | Snake:4  | Reached skill level 20 in Long Blades
 25601 | Snake:4  | Reached XP level 17. HP: 143/156 MP: 14/16
 25620 | Snake:4  | Received a gift from Trog
 25649 | Snake:4  | Reached skill level 15 in Armour
 26009 | Snake:4  | Shot with a bolt by a naga sharpshooter

Skill      XL: |  1  2  3  4  5  6  7  8  9 10 11 12 13 14 15 16 17 |
---------------+----------------------------------------------------+-----
Long Blades    | 4 5 6 7 8 10 12 13 15 16 18 19 20 | 20.2
Fighting       | 4 5 6 8 9 10 11 12 13 14 15 | 15.7
Armour         | 3 4 5 7 8 9 10 12 13 14 15 | 15.2
Dodging        | 3 4 6 7 8 9 10 11 12 13 14 | 14.4
Slings         | 1 2 3 4 6 7 8 9 10 11 12 13 | 13.9

Action                   |  1- 3 |  4- 6 |  7- 9 | 10-12 | 13-15 | 16-18 || total
-------------------------+-------+-------+-------+-------+-------+-------++-------
Melee: Falchion          |    76 |    73 |       |       |       |       ||   149
       Headbutt          |    16 |    14 |    89 |   132 |   340 |    71 ||   662
       Long sword        |       |     4 |   254 |   298 |   915 |    43 ||  1514
       Scimitar          |       |       |    85 |   211 |    76 |       ||   372
       Kick              |       |       |       |       |   240 |       ||   240
       Great sword       |       |       |       |       |     4 |       ||     4
       Triple sword      |       |       |       |       |       |   125 ||   125
 Fire: Fustibalus        |       |       |       |    19 |   108 |   394 ||   521
Invok: Berserk           |     1 |     3 |     8 |    18 |     9 |     3 ||    42
       Burn Spellbooks   |       |       |     2 |     2 |     2 |       ||     6
       Brothers in Arms  |       |       |       |     1 |       |     1 ||     2
       Trog's Hand       |       |       |       |     1 |       |       ||     1
  Use: Scroll            |       |       |    10 |    14 |    11 |       ||    35
       Potion            |       |       |     7 |     2 |     1 |     2 ||    12
 Stab: Sleeping          |     1 |     1 |     1 |       |       |       ||     3
  Eat: Chunk             |     1 |     9 |    15 |    35 |    42 |     7 ||   109
       Bread ration      |       |       |     1 |       |       |       ||     1
       Royal jelly       |       |       |     1 |       |       |       ||     1
       Fruit             |       |       |       |     1 |     8 |     5 ||    14
       Meat ration       |       |       |       |       |       |     1 ||     1
Armor: Animal skin       |    15 |     8 |    36 |       |       |       ||    59
       Plate armour      |       |       |    35 |    35 |       |       ||    70
       Ring mail         |       |       |       |   113 |   109 |       ||   222
       Chain mail        |       |       |       |       |   160 |   145 ||   305
Dodge: Dodged            |    49 |    56 |   220 |   427 |  1046 |   303 ||  2101
       Rpst.: Falchion   |    13 |     5 |       |       |       |       ||    18
       Long sword        |       |       |    38 |    52 |   210 |     9 ||   309
       Scimitar          |       |       |    14 |    32 |    15 |       ||    61
       Great sword       |       |       |       |       |     1 |       ||     1
       Triple sword      |       |       |       |       |       |    52 ||    52
